 Dungeon Crawl Stone Soup version 0.27.1-15-g792fb953b9 (webtiles) character file.

Game seed: 11736191777717090670

1761 spaced the Covert (level 8, 0/47 HPs)
             Began as a Vampire Brigand on Nov 20, 2021.
             Slain by a sky beast (6 damage)
             ... on level 5 of the Dungeon.
             The game lasted 00:41:57 (4425 turns).

spaced the Covert (Vampire Brigand)                 Turns: 4425, Time: 00:42:00

Health: 0/47       AC:  0    Str:  5 (10) XL:     8   Next: 79%
Magic:  9/11       EV: 20    Int:  9 (13) God:
Gold:   174        SH:  0    Dex: 18 (23) Spells: 6/12 levels left

rFire    . . .     SeeInvis +   (weapon currently unavailable)
rCold    + + .     Faith    .   (shield currently unavailable)
rNeg     + + +     Spirit   .   (armour currently unavailable)
rPois    ∞         Reflect  .   (helmet currently unavailable)
rElec    .         Harm     .   (cloak currently unavailable)
rCorr    .         Rampage  .   (gloves currently unavailable)
Will     .....                  (boots currently unavailable)
Stlth    +++++++...             x - amulet of regeneration
HPRegen  0.00/turn              (ring currently unavailable)
MPRegen  0.12/turn              (ring currently unavailable)

@: bat-form, flying, bloodless, inhibited regen, very quick
A: fast, flying, no casting, bloodless, tiny, fangs 3, see invisible, vampiric 2
a: Revivify, End Transformation


You were on level 5 of the Dungeon.
You were a vampire bat.
You visited 1 branch of the dungeon, and saw 5 of its levels.

You collected 205 gold pieces.
You spent 31 gold pieces at shops.

Inventory:

Hand Weapons
 a - a +2 dagger (melded)
 s - a +2 whip of distortion
Missiles
 d - 4 poisoned darts (quivered)
 e - 6 curare-tipped darts
 o - 26 arrows
Armour
 b - a +0 robe (melded)
 c - a +0 cloak (melded)
Jewellery
 k - the ring of Yreoheth (melded) {rPois rF- rC+ Int+2 Stlth+}
   (You acquired it on level 4 of the Dungeon)

   [ring of poison resistance]

   Int:       It affects your intelligence (+2).
   rF:        It makes you vulnerable to fire.
   rC:        It protects you from cold.
   rPois:     It protects you from poison.
   Stlth:     It makes you more stealthy.
 v - a ring of magical power
 x - an amulet of regeneration (around neck)
Wands
 r - a wand of flame (10)
 u - a wand of mindburst (14)
Scrolls
 g - a scroll of vulnerability
 h - 2 scrolls of teleportation
 j - a scroll of magic mapping {unknown}
 l - 2 scrolls of enchant weapon
 p - a scroll of amnesia {unknown}
 t - a scroll of blinking
Potions
 f - 4 potions of haste
 i - 2 potions of heal wounds
 m - a potion of flight
 n - a potion of curing {unknown}
 q - a potion of mutation {unknown}
 w - a potion of lignification {unknown}


   Skills:
 + Level 3.6 Fighting
 + Level 4.7 Short Blades
 + Level 3.1 Throwing
 + Level 3.0 Dodging
 + Level 12.4 Stealth
 * Level 2.6 Spellcasting
 + Level 0.2 Transmutations
 * Level 2.1 Fire Magic
 * Level 2.2 Poison Magic


You had 6 spell levels left.
You knew the following spells:

 Your Spells              Type           Power      Damage    Failure   Level
a - Conjure Flame         Conj/Fire      3%         6-21      52%         3
b - Ignite Poison         Fire/Tmut/Pois 3%         N/A       45%         3

Your spell library contained the following spells:

 Spells                   Type           Power      Damage    Failure   Level
 Poisonous Vapours        Pois/Air       6%         N/A       30%         2
 Corpse Rot               Necr/Air       N/A        N/A       43%         2
 Sticky Flame             Conj/Fire      3%         2d3       90%         4
 Freezing Cloud           Conj/Ice/Air   0%         6-21      100%        5


Dungeon Overview and Level Annotations

Branches:
Dungeon (5/15)             Temple (0/1) D:5

Altars:

Shops:
D:4 *   D:5 [

Portals:
Abyss: D:4


Innate Abilities, Weirdness & Mutations

You are a vampire bat.
You are tiny and dextrous.
You move quickly.
You are flying.
You are immune to poison.
Your equipment is almost entirely melded.
You are incapable of wielding weapons or throwing items.
You cannot cast spells.
You do not regenerate when monsters are visible.
You are frail without blood (-20% HP).
You can heal yourself when you bite living creatures.
You have razor-sharp teeth.
You have supernaturally acute eyesight. (SInv)
You are afflicted with vampirism and can become a bat while bloodless.


Message History

You miss the phantom. You bite the phantom.
The phantom is heavily damaged.
The phantom hits you.
You hit the phantom.
The phantom is heavily damaged.
You hit the phantom.
The phantom is severely damaged.
The phantom hits you but does no damage.
You closely miss the phantom.
The phantom is severely damaged.
The phantom hits you.
You hit the phantom.
The phantom is almost destroyed.
The phantom hits you!
The phantom blinks!
You blink.
Hit: a) +2 dagger
Press: ? - help, Dir - move target, f/p - phantom
Aim: a phantom (almost destroyed, about 40% to evade your +2 dagger)
Okay, then.
Aiming: Throw Flame
Press: ? - help, Shift-Dir - straight line, f/p - phantom
Aim: a phantom (almost destroyed, 56% to hit)
The puff of flame hits the phantom!
You destroy the phantom!
You feel your intelligence returning.
You feel the corruption within you wane completely.
You feel robust.
Your Dodging skill increases to level 3!
The sky beast hits you. The sky beast shocks you.
* * * LOW HITPOINT WARNING * * *
You hit the sky beast.
The sky beast is lightly wounded.
The sky beast misses you.
You turn into a vampire bat.
Your +2 dagger melds into your body.
Your +0 cloak melds into your body.
Your +0 robe melds into your body.
The ring of Yreoheth {rPois rF- rC+ Int+2 Stlth+} melds into your body.
You feel weakened.
You feel dopey.
You feel clumsy. The sky beast hits you.
* * * LOW HITPOINT WARNING * * *
The sky beast shocks you.
You die...

.###............<..##....#
..##..................####
#........#.........####
#####....##....#.....######
..( .#..........#........##
#.# ................##..# #.#
#.........#.....###.# #.#
#.........#.....# #.#
..######....###Yb......#
#.###### ......##....#
##...†...# #.##...#
#.###....[..######.....#
#....... #.#
####........##.....####......
..#
#....###.##.#.#..###......
.##
#....###.................. #
#.......###.###...###.....
#....##.....# #...####...#
#..#######..# ##...##.....


You could see a sky beast.

Vanquished Creatures
  The ghost of Whoops the Shield-Bearer, a novice FoFi (D:4)
  Grinder (D:3)
  Sigmund (D:4)
  A steam dragon (D:4)
  Edmund (D:4)
  3 small abominations (D:4)
  An ogre (D:4)
  A phantom (D:5)
  A kobold brigand (D:4)
  A centaur skeleton (D:4)
  A jelly (D:4)
  3 iguanas (D:5)
  Jessica (D:2)
  Terence (D:2)
  Natasha (thrice) (D:3)
  A scorpion zombie (D:5)
  A hound skeleton (D:4)
  6 adders
  A white imp (D:3)
  5 orcs
  2 bats (D:1)
  4 endoplasms
  4 giant cockroaches
  7 goblins
  5 hobgoblins
  3 quokkas
  4 ball pythons
  2 frilled lizards
  7 kobolds
  4 rats
77 creatures vanquished.

Vanquished Creatures (others)
  A withered plant (D:1)
1 creature vanquished.

Grand Total: 78 creatures vanquished

Notes
Turn   | Place    | Note
-------+----------+-------------------------------------------
     0 | D:1      | spaced the Vampire Brigand began the quest for the Orb.
     0 | D:1      | Reached XP level 1. HP: 16/16 MP: 1/1
   176 | D:1      | Reached skill level 6 in Stealth
   262 | D:1      | Reached XP level 2. HP: 17/17 MP: 2/2
   714 | D:1      | Found a faded altar of an unknown god.
  1146 | D:2      | Gained mutation: You are afflicted with vampirism and can
                  | become a bat while bloodless. [Vampire growth]
  1146 | D:2      | Reached XP level 3. HP: 22/22 MP: 3/3
  1181 | D:2      | Noticed Jessica
  1192 | D:2      | Killed Jessica
  1193 | D:2      | Reached skill level 7 in Stealth
  1350 | D:2      | Noticed Terence
  1355 | D:2      | Killed Terence
  1356 | D:2      | Reached XP level 4. HP: 30/30 MP: 4/4
  1908 | D:3      | Noticed Natasha
  1916 | D:3      | Killed Natasha
  1917 | D:3      | Reached skill level 8 in Stealth
  2154 | D:3      | Noticed Natasha
  2160 | D:3      | Killed Natasha
  2161 | D:3      | Reached XP level 5. HP: 18/27 MP: 5/5
  2166 | D:3      | Noticed Natasha
  2190 | D:3      | Killed Natasha
  2554 | D:3      | Noticed Grinder
  2563 | D:3      | Killed Grinder
  2564 | D:3      | Reached skill level 9 in Stealth
  2564 | D:3      | Reached XP level 6. HP: 31/36 MP: 6/6
  2615 | D:4      | Reached skill level 10 in Stealth
  2643 | D:4      | Noticed Sigmund
  2650 | D:4      | Killed Sigmund
  2651 | D:4      | Reached XP level 7. HP: 41/41 MP: 7/7
  2758 | D:4      | Identified a scroll of acquirement
  2759 | D:4      | Acquired the ring of Yreoheth {rPois rF- rC+ Int+2 Stlth+}
  2803 | D:4      | Learned a level 3 spell: Conjure Flame
  2807 | D:4      | Learned a level 3 spell: Ignite Poison
  2973 | D:4      | Found a transporter.
  2986 | D:4      | Found a transporter.
  2995 | D:4      | Reached skill level 11 in Stealth
  3013 | D:4      | Found a one-way gate to the infinite horrors of the Abyss.
  3013 | D:4      | Noticed Whoops's ghost (novice FoFi)
  3015 | D:4      | Reached skill level 1 in Spellcasting
  3015 | D:4      | Reached skill level 1 in Fire Magic
  3015 | D:4      | Reached skill level 1 in Poison Magic
  3015 | D:4      | Killed Whoops's ghost
  3016 | D:4      | Reached XP level 8. HP: 40/46 MP: 7/10
  3046 | D:4      | Reached skill level 12 in Stealth
  3328 | D:4      | Found Reva's Serpentskin Sales.
  3333 | D:4      | Bought 4 curare-tipped darts for 31 gold pieces
  3398 | D:4      | Noticed Edmund
  3707 | D:4      | Killed Edmund
  4073 | D:5      | Entered Level 5 of the Dungeon
  4290 | D:5      | Found a staircase to the Ecumenical Temple.
  4310 | D:5      | Found Utobb's Armour Shoppe.
  4425 | D:5      | Slain by a sky beast

Illustrated notes

Levels and vault maps discovered:
D:1:      lightli_arrival_lavapool, layout_basic,
          shapermc_ecumenical_altar_flowoftime
D:2:      layout_basic, uniq_terence, uniq_jessica
D:3:      layout_basic, uniq_natasha, uniq_grinder
D:4:      layout_gridville, gammafunk_ghost_abyssal_escape, guppyfry_shop_venom,
          uniq_edmund, uniq_sigmund
D:5:      layout_rooms, temple_doors_e, serial_shops, nicolae_shop_trees

Skill      XL: |  1  2  3  4  5  6  7  8 |
---------------+-------------------------+-----
Stealth        | 6 7 8 9 10 11 12 | 12.4
Fighting       | 2 3 |  3.6
Throwing       | 2 3 |  3.1
Short Blades   | 3 4 |  4.7
Dodging        | 2 3 |  3.0
Spellcasting   | 1 2 |  2.6
Fire Magic     | 1 2 |  2.1
Poison Magic   | 1 2 |  2.2
Transmutations | |  0.2

Action                   |  1- 3 |  4- 6 |  7- 9 || total
-------------------------+-------+-------+-------++-------
Melee: Dagger            |    58 |    40 |   130 ||   228
       Bite              |     5 |     4 |    16 ||    25
Throw: Dart              |    10 |    13 |    11 ||    34
 Cast: Ignite Poison     |       |       |     1 ||     1
 Abil: Exsanguinate      |     1 |     1 |     2 ||     4
       Revivify          |     1 |       |     2 ||     3
       Bat Form          |       |       |     3 ||     3
       End Transformatio |       |       |     2 ||     2
Evoke: Wand              |       |       |     3 ||     3
  Use: Scroll            |     1 |     1 |     6 ||     8
 Stab: Sleeping          |    13 |    15 |    13 ||    41
Armor: Robe              |     4 |     3 |    23 ||    30
Dodge: Dodged            |    16 |    15 |    68 ||    99
